 Dungeon Crawl Stone Soup version 0.25-a0-842-g81a31cfd23 (webtiles) character file.

Game seed: 15754407757299709041, levelgen mode: deterministic

296 wullow the Shield-Bearer (level 6, -4/48 HPs)
             Began as a Demonspawn Fighter on Apr 24, 2020.
             Killed by divine providence
             ... invoked by an orc priest
              (13 damage)
             ... on level 4 of the Dungeon.
             The game lasted 00:04:39 (2185 turns).

wullow the Shield-Bearer (Demonspawn Fighter)       Turns: 2185, Time: 00:04:40

Health: -4/48      AC:  9    Str: 18    XL:     6   Next: 12%
Magic:  6/6        EV:  7    Int: 10    God:
Gold:   135        SH: 15    Dex: 12    Spells: 5/5 levels left

rFire    + . .     SeeInvis .   a - +0 rapier
rCold    . . .     Gourm    .   c - +0 kite shield
rNeg     . . .     Faith    .   b - +0 scale mail
rPois    .         Spirit   .   (helmet restricted)
rElec    .         Reflect  .   (no cloak)
rCorr    .         Harm     .   (no gloves)
MR       .....                  e - +2 pair of boots
Stlth    ..........             (no amulet)
HPRegen  0.16/turn              (no ring)
MPRegen  0.10/turn              (no ring)

@: very slightly contaminated
A: horns 2, large bone plates 2, fire resistance 1
a: no special abilities


You were on level 4 of the Dungeon.
You were not hungry.

You visited 1 branch of the dungeon, and saw 4 of its levels.

You collected 135 gold pieces.

Inventory:

Hand Weapons
 a - a +0 rapier (weapon)
 q - a +0 short sword
 t - a +0 dagger
Missiles
 g - 77 stones (quivered)
 h - 17 arrows
 l - 37 sling bullets
Armour
 b - a +0 scale mail (worn)
 c - a +0 kite shield (worn)
 e - a +2 pair of boots (worn)
Jewellery
 k - an uncursed amulet of rage {unknown}
Scrolls
 i - 2 scrolls of identify
 r - a scroll of blinking
Potions
 d - a potion of might
 j - 5 potions of curing
 m - a potion of brilliance
 n - a potion of stabbing
 p - a potion of berserk rage
Comestibles
 f - 5 rations
 s - 4 chunks of flesh


   Skills:
 + Level 4.0 Fighting
 * Level 3.7 Short Blades
 - Level 3.0 Armour
 * Level 4.4 Shields


You had 5 spell levels left.
You didn't know any spells.
Your spell library was empty.

Dungeon Overview and Level Annotations

Branches:
Dungeon (4/15)
 Temple: D:4-7

Altars:


Innate Abilities, Weirdness & Mutations

You have a pair of horns on your head.
You are mostly covered in large bone plates. (SH +6)
Your flesh is heat resistant. (rF+)


Message History

The orc priest is lightly wounded.
The orc priest calls down the wrath of Beogh upon you.
Beogh smites you!
* * * LOW HITPOINT WARNING * * *
You block the orc wizard's attack.
You are too injured to fight recklessly!
You are too injured to fight recklessly!
You are too injured to fight recklessly!
You are too injured to fight recklessly!
You are too injured to fight recklessly!
You are too injured to fight recklessly!
You are too injured to fight recklessly!
You are too injured to fight recklessly!
You are too injured to fight recklessly!
Unknown command.
You hit the orc priest.
The orc priest is heavily wounded.
The orc priest calls down the wrath of Beogh upon you.
Beogh smites you!
You die...

.< .######...#####
...(...........
$.........[.. ...
........
#.###.....##
#.##.......##
#.#.(.......#
.#####@##.......#
#......oo......[##
.......###.....##
..####. #.....##
#.#.........
.....o....#..
#.#....#.......# #
#......##........
..............##


You could see an orc priest and an orc wizard.

Vanquished Creatures
  An ogre (D:2)
  A howler monkey (D:3)
  2 orc wizards
  4 adders
  3 dart slugs (D:1)
  2 leopard geckos
  7 orcs (D:3)
  A ball python (D:3)
  4 giant cockroaches
  2 goblins
  8 hobgoblins
  3 jackals (D:4)
  A quokka (D:2)
  6 bats
  3 frilled lizards
  9 kobolds
  7 rats
64 creatures vanquished.

Vanquished Creatures (others)
  A bat (D:1)
1 creature vanquished.

Grand Total: 65 creatures vanquished

Notes
Turn   | Place    | Note
-------+----------+-------------------------------------------
     0 | D:1      | wullow the Demonspawn Fighter began the quest for the Orb.
     0 | D:1      | Reached XP level 1. HP: 18/18 MP: 1/1
   161 | D:1      | Gained mutation: You have a pair of small horns on your
                  | head. [demonic ancestry]
   161 | D:1      | Reached XP level 2. HP: 21/24 MP: 2/2
   740 | D:2      | Gained mutation: You are partially covered in large bone
                  | plates. (SH +4) [demonic ancestry]
   740 | D:2      | Reached XP level 3. HP: 29/29 MP: 3/3
   980 | D:2      | Noticed an ogre
   992 | D:2      | Killed an ogre
   992 | D:2      | Gained mutation: Your flesh is heat resistant. (rF+)
                  | [demonic ancestry]
   992 | D:2      | Reached XP level 4. HP: 15/37 MP: 4/4
   992 | D:2      | Gained mutation: You are mostly covered in large bone
                  | plates. (SH +6) [demonic ancestry]
   992 | D:2      | Reached XP level 5. HP: 18/42 MP: 5/5
  2163 | D:4      | Gained mutation: You have a pair of horns on your head.
                  | [demonic ancestry]
  2163 | D:4      | Reached XP level 6. HP: 48/48 MP: 6/6
  2185 | D:4      | Killed from afar by an orc priest

Levels and vault maps discovered:
D:1:      dpeg_arrival_rooms_c, layout_loops_cross
D:2:      layout_basic
D:3:      layout_loops_corners
D:4:      layout_loops_cross, portal_sewer_entry_e, uniq_blork_the_orc

Skill      XL: |  1  2  3  4  5 |
---------------+----------------+-----
Short Blades   | 2 3 |  3.7
Shields        | 3 4 |  4.4
Armour         | 3 |  3.0
Fighting       | 4 |  4.0

Action                   |  1- 3 |  4- 6 || total
-------------------------+-------+-------++-------
Melee: Rapier            |   109 |   133 ||   242
       Headbutt          |    13 |    20 ||    33
  Use: Scroll            |       |     6 ||     6
  Eat: Chunk             |       |     4 ||     4
Armor: Scale mail        |    53 |    38 ||    91
Dodge: Dodged            |    32 |    16 ||    48
Block: Kite shield       |    59 |   101 ||   160

Table legend:
 A = Non-vault XP
 B = Vault XP
 C = Vault XP percentage of total XP
 D = Non-vault monster count
 E = Vault monster count
 F = Vault count percentage of total count
                 A         B        C        D         E       F
            +---------+---------+-------+---------+---------+-------
      Total |     424 |       0 |   0.0 |      64 |       0 |   0.0
            +---------+---------+-------+---------+---------+-------
        D:1 |      35 |       0 |   0.0 |      18 |       0 |   0.0
        D:2 |     166 |       0 |   0.0 |      14 |       0 |   0.0
        D:3 |     175 |       0 |   0.0 |      28 |       0 |   0.0
        D:4 |      48 |       0 |   0.0 |       4 |       0 |   0.0
            +---------+---------+-------+---------+---------+-------
